 Dungeon Crawl Stone Soup version 0.21.1-1-g345015fe64 (webtiles) character file.

248 Oravi the Shield-Bearer (level 6, 0/42 HPs)
             Began as a Halfling Fighter on Mar 27, 2018.
             Killed by nerve-wracking pain
             ... invoked by an orc priest
              (8 damage)
             ... on level 3 of the Dungeon.
             The game lasted 00:14:38 (2753 turns).

Oravi the Shield-Bearer (Halfling Fighter)          Turns: 2753, Time: 00:14:39

Health: 0/42       AC:  9    Str: 19    XL:     6   Next: 34%
Magic:  6/6        EV:  8    Int:  6    God:
Gold:   192        SH: 11    Dex: 16    Spells: 5/5 levels left

rFire    . . .     SeeInvis .   a - +0 rapier
rCold    . . .     Gourm    .   c - +1 shield
rNeg     . . .     Faith    .   b - +0 scale mail
rPois    .         Spirit   .   (no helmet)
rElec    .         Reflect  .   m - +0 cloak
rCorr    .         Harm     .   k - +0 pair of gloves (curse)
MR       .....                  (no boots)
Stlth    ..........             (no amulet)
HPRegen  0.14/turn              j - -2 ring of evasion (curse)
MPRegen  0.10/turn              o - +2 ring of strength

@: very slightly contaminated
A: small, mutation resistance 1
a: no special abilities


You were on level 3 of the Dungeon.
You were not hungry.

You visited 1 branch of the dungeon, and saw 4 of its levels.

You collected 192 gold pieces.

Inventory:

Hand Weapons
 a - a +0 rapier (weapon)
Missiles
 e - 111 stones (quivered)
Armour
 b - a +0 scale mail (worn)
 c - a +1 shield (worn)
 k - a cursed +0 pair of gloves (worn)
 m - a +0 cloak (worn)
 p - a +0 pair of gloves
Jewellery
 j - a cursed -2 ring of evasion (left hand)
 o - a +2 ring of strength (right hand)
 s - an uncursed ring of protection from magic
Wands
 d - a wand of polymorph (8)
Scrolls
 i - a scroll of identify
Potions
 l - a potion of experience {unknown}
 q - a potion of invisibility {unknown}
Comestibles
 f - 7 rations


   Skills:
 + Level 3.2 Fighting
 + Level 4.6 Short Blades
 + Level 4.5 Armour
 + Level 1.3 Dodging
 + Level 4.6 Shields


You had 5 spell levels left.
You didn't know any spells.

Dungeon Overview and Level Annotations

Branches:
Dungeon (4/15)
 Temple: D:4-7

Altars:
Fedhas


Innate Abilities, Weirdness & Mutations

You are small and have problems with some larger weapons.
You are somewhat resistant to further mutation.


Message History

The hound is moderately wounded.
The hound barely misses you. You block the hound's attack.
You closely miss the hound.
The hound is moderately wounded.
The orc priest invokes the aid of Beogh against you.
Beogh smites you! You block the hound's attack.
You closely miss the hound.
The hound is moderately wounded.
The hound bites you but does no damage.
The orc priest mumbles some strange prayers to Beogh against you.
Pain shoots through your body!
* * * LOW HITPOINT WARNING * * *
The hound barely misses you.
Blink to where?
Press: ? - help, Dir - move target cursor You are very lightly contaminated with residual magic.
As you read the scroll of blinking, it crumbles to dust.
The orc priest mumbles some strange prayers to Beogh against you.
Pain shoots through your body!
You die...

.##.#.#...............# #.#....#
.##.#.#.##########.##.# #.#.####
.##.#............#.##.# ##.#.####
.##.#.#..........o....###..#....#
.'...............§.......≈.≈≈≈#.#
.##.#.............h######..≈.≈#.#
.##.#.##'##+#........# #.≈≈_≈≈#.#
.##)#.#.....#.#....#.###.≈≈≈≈.#.#
###<#.......#.##@..#.....≈≈...#.#
#####.#....##.##...#########..#.#
.............................##.#
...##.#######.##...#######.#....#
...##.# #......# #.######
...##.#######..#...# #.#
...##..........#...# #.#
............#......# #.#
...########..####..# #.#


You could see a hound and an orc priest.

Vanquished Creatures
  A howler monkey (D:3)
  Jessica (D:3)
  A worker ant (D:2)
  7 adders
  An ooze (D:3)
  A worm (D:2)
  3 dart slugs
  6 leopard geckos
  4 orcs (D:3)
  5 ball pythons
  2 giant cockroaches
  7 goblins
  8 hobgoblins
  3 jackals (D:1)
  A quokka (D:3)
  12 bats
  3 frilled lizards
  5 kobolds
  7 rats
78 creatures vanquished.

Notes
Turn   | Place    | Note
-------+----------+-------------------------------------------
     0 | D:1      | Oravi the Halfling Fighter began the quest for the Orb.
     0 | D:1      | Reached XP level 1. HP: 15/15 MP: 1/1
   179 | D:1      | Reached XP level 2. HP: 18/20 MP: 2/2
   371 | D:2      | Reached XP level 3. HP: 18/25 MP: 3/3
   969 | D:2      | Reached XP level 4. HP: 26/30 MP: 4/4
  1332 | D:2      | Reached XP level 5. HP: 19/36 MP: 5/5
  1668 | D:2      | Reached skill level 1 in Dodging
  1894 | D:3      | Found a blossoming altar of Fedhas.
  2164 | D:3      | Reached XP level 6. HP: 25/42 MP: 6/6
  2207 | D:3      | Noticed Jessica
  2236 | D:3      | Killed Jessica
  2753 | D:3      | Killed from afar by an orc priest

Skill      XL: |  1  2  3  4  5 |
---------------+----------------+-----
Short Blades   | 3 4 |  4.6
Shields        | 4 |  4.6
Armour         | 4 |  4.5
Fighting       | 3 |  3.2
Dodging        | 1 |  1.3

Action                   |  1- 3 |  4- 6 || total
-------------------------+-------+-------++-------
Melee: Rapier            |    97 |   169 ||   266
  Use: Scroll            |       |     9 ||     9
       Potion            |       |     4 ||     4
  Eat: Chunk             |       |     6 ||     6
Armor: Scale mail        |    40 |    66 ||   106
Dodge: Dodged            |    31 |    39 ||    70
Block: Shield            |    56 |    86 ||   142
